 Dungeon Crawl Stone Soup version 0.31-a0-222-gefeffbb62a (webtiles) character file.

Game seed: 5807378839162661083

626 coffeetime the Covered (level 7, -3/59 (63) HPs)
             Began as an Armataur Fighter on July 6, 2023.
             Killed from afar by Dowan (12 damage)
             ... with a stone arrow
             ... on level 4 of the Dungeon.
             The game lasted 00:08:32 (3777 turns).

coffeetime the Covered (Armataur Fighter)           Turns: 3777, Time: 00:08:34

HP:   -3/59 (63)    AC:  7    Str: 22    XL:     7   Next: 23%
MP:   0/7           EV:  7    Int:  8    God:
Gold: 144           SH:  4    Dex: 11    Spells: 6/6 levels left

rFire   . . .        a - +0 flail
rCold   . . .        c - +0 buckler
rNeg    . . .        b - +0 scale mail
rPois   .            (no helmet)
rElec   .            (no cloak)
rCorr   +            (no gloves)
SInv    .            (no barding)
Will    .....        g - amulet of guardian spirit
Stlth   +            o - ring of resist corrosion
HPRegen 0.29/turn    (no ring)
MPRegen 0.10/turn

%: guardian spirit, roll
@: mighty, drained
A: large, rugged brown scales 3, deformed body, armoured tail, roll, long
tongue, awkward tongue
a: no special abilities


You were on level 4 of the Dungeon.
You visited 1 branch of the dungeon, and saw 4 of its levels.

You collected 192 gold pieces.
You spent 48 gold pieces at shops.

Inventory:

Hand Weapons
 a - a +0 flail (weapon)
 l - a +4 dagger of flaming
 y - a +2 halberd of freezing
Missiles
 h - 52 stones (quivered)
Armour
 b - a +0 scale mail (worn)
 c - a +0 buckler (worn)
Jewellery
 g - an amulet of guardian spirit (around neck)
 o - a ring of resist corrosion (left hand)
 t - a ring of fire
Wands
 x - a wand of flame (20)
Scrolls
 f - a scroll of enchant weapon {unknown}
 i - a scroll of blinking {unknown}
 j - 4 scrolls of identify {unknown}
 k - 2 scrolls of teleportation {unknown}
 m - a scroll of enchant armour {unknown}
 n - a scroll of vulnerability {unknown}
 q - 2 scrolls of noise {unknown}
 v - a scroll of torment {unknown}
 w - a scroll of immolation {unknown}
Potions
 d - a potion of might
 e - a potion of enlightenment {unknown}
 p - a potion of attraction {unknown}
 r - a potion of curing {unknown}
 s - a potion of degeneration {unknown}
 u - a potion of mutation {unknown}
 z - a potion of magic {unknown}


   Skills:
 + Level 4.0 Fighting
 + Level 4.6 Maces & Flails
 + Level 5.5 Armour
 - Level 0.2 Dodging
 * Level 3.5 Stealth
 + Level 3.9 Shields


You had 6 spell levels left.
You didn't know any spells.
Your spell library contained the following spells:

 Spells                   Type           Power      Damage    Failure   Level
 Magic Dart               Conj           0%         1d3       78%         1
 Searing Ray              Conj           0%         2d4       89%         2
 Fulminant Prism          Conj/Hex       0%         3d5       100%        4


Dungeon Overview and Level Annotations

Branches:
Dungeon (4/15)
 Temple: D:4-7

Altars:
Zin

Shops:
D:3 !

Annotations:
D:4 Dowan, Natasha


Innate Abilities, Weirdness & Mutations

You are completely covered in rugged brown scales. (AC +3, +7% HP)
Armour fits poorly on your strangely shaped body.
You have a long armoured tail.
You roll when moving toward enemies. (Rampage)
Your long tongue fully drains potion bottles. (2x potion effects)
Your tongue gives you trouble enunciating. (1.5x scroll delay)


Message History

Duvessa says, "Where magic fails, the sword succeeds!"
Duvessa hits you but does no damage.
You feel drained.
You sock Duvessa!
Duvessa is heavily wounded.
Duvessa barely misses you.
You closely miss Duvessa.
Your tail-slap misses Duvessa.
Duvessa is heavily wounded.
Duvessa hits you but does no damage.
You feel drained.
You bludgeon Duvessa!! You tail-slap Duvessa.
Duvessa is almost dead.
Duvessa hits you with a +1 short sword of draining!
You feel drained.
You completely miss Duvessa.
Duvessa is almost dead.
Duvessa hits you with a +1 short sword of draining!
You feel drained.
Dowan gestures at Duvessa while chanting.
Duvessa seems to speed up.
You sock Duvessa!
You kill Duvessa!
Dowan's eyes darken. "You have made a black mistake."
Dowan seems to find hidden reserves of power!
Dowan says, "Her death will not be in vain!"
Dowan hits you with a +0 dagger!
Your Fighting skill increases to level 4!
You closely miss Dowan.
Your tail-slap misses Dowan.
Dowan hits you with a +0 dagger. You block Dowan's attack.
You closely miss Dowan. Dowan hits you but does no damage.
Dowan completely misses you.
You sock Dowan!
Your tail-slap misses Dowan.
Dowan is heavily wounded.
Dowan closely misses you. Dowan hits you with a +0 dagger.
* * * LOW HITPOINT WARNING * * *
You closely miss Dowan.
Your tail-slap misses Dowan.
Dowan is heavily wounded.
Dowan hits you with a +0 dagger!
* * * LOW HITPOINT WARNING * * *
Dowan points at you and mumbles some strange words.
The stone arrow hits you!
You die...

##### ########...# ...........#
....####...#
....####.########################
.......).......e@................
!...######.######################
#.### ####### # #...# #.....# .
###<## #.....# . ####..####
#.....# .###.# #........#
#.....#### .<...# #........#
#......... .#.### ##........#
#####.####


You could see Dowan (fast, strong).

Vanquished Creatures
  Grinder (D:4)
  Duvessa (D:4)
  A phantom (D:3)
  A scorpion (D:3)
  A sleepcap (D:4)
  3 gnolls
  4 adders
  A worm (D:3)
  A dart slug (D:2)
  6 orcs
  3 ball pythons
  8 bats
  3 endoplasms (D:2)
  2 giant cockroaches
  13 goblins
  5 hobgoblins
  9 jackals
  16 kobolds
  A quokka (D:1)
  4 frilled lizards (D:2)
  5 rats
89 creatures vanquished.

Notes
Turn   | Place    | Note
-------+----------+-------------------------------------------
     0 | D:1      | coffeetime the Armataur Fighter began the quest for the
                  | Orb.
     0 | D:1      | Reached XP level 1. HP: 19/19 MP: 1/1
   199 | D:1      | Reached XP level 2. HP: 26/26 MP: 2/2
   652 | D:2      | Reached XP level 3. HP: 22/33 MP: 3/3
   748 | D:2      | Reached skill level 4 in Armour
   984 | D:2      | Reached skill level 1 in Stealth
  1394 | D:2      | Reached XP level 4. HP: 40/40 MP: 4/4
  1748 | D:3      | Found a faded altar of an unknown god.
  2078 | D:3      | Noticed a scorpion
  2090 | D:3      | Killed a scorpion
  2091 | D:3      | Reached XP level 5. HP: 37/48 MP: 3/5
  2789 | D:3      | Found Tiall's Distillery.
  2792 | D:3      | Bought a potion of might for 48 gold pieces
  2990 | D:4      | Noticed Natasha
  3080 | D:4      | Noticed a phantom
  3129 | D:3      | Killed a phantom
  3217 | D:4      | Found a glowing silver altar of Zin.
  3322 | D:4      | Noticed Grinder
  3324 | D:4      | Paralysed by Grinder for 5 turns
  3335 | D:4      | Reached XP level 6. HP: 34/54 MP: 2/6
  3349 | D:4      | Killed Grinder
  3350 | D:4      | Reached skill level 5 in Armour
  3666 | D:4      | Reached XP level 7. HP: 62/62 MP: 7/7
  3748 | D:4      | Noticed Duvessa
  3748 | D:4      | Noticed Dowan
  3773 | D:4      | Killed Duvessa
  3777 | D:4      | Killed from afar by Dowan

Illustrated notes

Levels and vault maps discovered:
D:1:      lightli_iron_boxes, layout_basic, corner_web_ring
D:2:      layout_loops_cross, minmay_liquid_box, minmay_misc_feat_tower,
          minmay_bisected
D:3:      corexii_shack_village, layout_basic, ebering_ecumenical_altar_mist,
          serial_shops, nicolae_shop_tiny_real_fake_doors, kennysheep_donut
D:4:      layout_basic, mainiacjoe_overflow_tiny_flanked, uniq_natasha,
          uniq_grinder, uniq_duvessa

Skill      XL: |  1  2  3  4  5  6  7 |
---------------+----------------------+-----
Fighting       | 3 4 |  4.0
Maces & Flails | 2 3 4 |  4.6
Armour         | 4 5 |  5.5
Stealth        | 1 2 3 |  3.5
Dodging        | |  0.2
Shields        | |  3.9

Action                     |  1- 3 |  4- 6 |  7- 9 || total
---------------------------+-------+-------+-------++-------
  Melee: Flail             |   126 |   149 |    20 ||   295
         Tailslap          |     8 |    16 |     4 ||    28
    Use: Potion            |       |     2 |     1 ||     3
 Armour: Scale mail        |   101 |   106 |     6 ||   213
  Dodge: Dodged            |    63 |    58 |     4 ||   125
  Block: Buckler           |    41 |    30 |     3 ||    74

Table legend: (Time is in decaauts)
 A = Elapsed time spent in this place.
 B = Non-inter-level travel time spent in this place.
 C = Inter-level travel time spent in this place.
 D = Time resting spent in this place.
 E = Time spent auto-exploring this place.
 F = Levels seen in this place.
 G = Mean time per level.
                   A        B        C        D        E       F      G
               +--------+--------+--------+--------+--------+-----+--------+
         Total |   3867 |   3589 |    278 |    133 |   2631 |   4 |  966.8 |
       Dungeon |   3867 |   3589 |    278 |    133 |   2631 |   4 |  966.8 |
               +--------+--------+--------+--------+--------+-----+--------+

Top non-repeatable levels by time:
     D:3: 1699 daAuts
     D:2: 971 daAuts
     D:1: 654 daAuts
     D:4: 542 daAuts
